 Dungeon Crawl Stone Soup version 0.26-a0-415-g2a9615731a (webtiles) character file.

Game seed: 6739260794471298779

24327 KristoblXynda the Carver (level 12, -6/94 HPs)
             Began as a Green Draconian Gladiator on July 25, 2020.
             Was a High Priest of Vehumet.
             Mangled by a red ugly thing (15 damage)
             ... on level 12 of the Dungeon.
             The game lasted 00:26:19 (14640 turns).

KristoblXynda the Carver (DrGl)                    Turns: 14640, Time: 00:26:20

Health: -6/94      AC: 15    Str: 18    XL:     12   Next: 79%
Magic:  12/12      EV: 17    Int: 13    God:    Vehumet [*****.]
Gold:   732        SH:  5    Dex: 12    Spells: 4/11 levels left

rFire    . . .     SeeInvis .   I - +5 scimitar
rCold    + . .     Faith    .   O - +0 buckler
rNeg     . . .     Spirit   .   (armour unavailable)
rPois    +         Reflect  .   b - +1 hat
rElec    .         Harm     .   E - +0 cloak
rCorr    .                      (no gloves)
MR       .....                  B - +0 pair of boots
Stlth    +.........             J - amulet of regeneration
HPRegen  0.65/turn              h - +4 ring of protection
MPRegen  0.13/turn              S - ring of protection from cold

@: short of breath
A: breathe noxious fumes, unfitting armour, poison resistance, cold-blooded, AC
+8
a: Breathe Noxious Fumes, Renounce Religion


You were on level 12 of the Dungeon.
You worshipped Vehumet.
Vehumet was extremely pleased with you.
You visited 3 branches of the dungeon, and saw 14 of its levels.
You also visited: Sewer, Ossuary and Ice Cave.

You collected 732 gold pieces.

Inventory:

Hand Weapons
 I - a +5 scimitar (weapon)
Missiles
 c - 4 throwing nets (quivered)
Armour
 b - a +1 hat (worn)
 B - a +0 pair of boots (worn)
 E - a +0 cloak (worn)
 O - a +0 buckler (worn)
 V - a +0 kite shield
Magical Staves
 P - an uncursed staff of summoning
Jewellery
 h - a +4 ring of protection (left hand)
 i - an uncursed ring of positive energy
 z - a +4 ring of protection
 F - an uncursed ring of fire
 G - an uncursed amulet of faith
 J - an amulet of regeneration (around neck)
 L - an uncursed ring of ice
 S - a ring of protection from cold (right hand)
Wands
 k - a wand of paralysis (11)
 s - a wand of polymorph (7)
 t - a wand of random effects (24)
 C - a wand of acid (15)
 K - a wand of digging (5)
 N - a wand of iceblast (15)
Scrolls
 a - 2 scrolls of identify
 g - 8 scrolls of amnesia
 l - 2 scrolls of enchant armour
 n - 10 scrolls of teleportation
 r - 2 scrolls of fear
 u - a scroll of enchant weapon
 w - a scroll of magic mapping
 y - 4 scrolls of remove curse
 Q - a scroll of immolation
 T - 3 scrolls of brand weapon
 U - a scroll of torment {unknown}
Potions
 d - 2 potions of ambrosia
 e - 2 potions of magic
 f - 3 potions of stabbing
 j - 8 potions of heal wounds
 m - 3 potions of lignification
 o - 2 potions of haste
 p - a potion of might
 q - 3 potions of invisibility
 v - 5 potions of curing
 x - 3 potions of mutation
 A - 2 potions of brilliance
 D - a potion of flight
 H - 2 potions of cancellation
Miscellaneous
 M - a phial of floods
 R - a lightning rod (4/4)


   Skills:
 - Level 5.0 Fighting
 + Level 12.9 Long Blades
 - Level 2.0 Throwing
 + Level 10.1 Dodging
 - Level 4.3 Shields
 + Level 10.5 Conjurations
 - Level 3.0 Poison Magic
 + Level 6.6 Evocations


You had 4 spell levels left.
You knew the following spells:

 Your Spells              Type           Power        Failure   Level
a - Shock                 Conj/Air       ##..         1%          1
b - Mephitic Cloud        Conj/Pois/Air  ##......     4%          3
c - Tukima's Dance        Hex            #.......     67%         3

Your spell library contained the following spells:

 Spells                   Type           Power        Failure   Level
 Spellforged Servitor     Conj/Summ      ##........   99%         7
 Dazzling Flash           Conj/Hex       ##....       3%          3
 Freeze                   Ice            #...         9%          1
 Animate Skeleton         Necr           #.....       30%         1
 Apportation              Tloc           #.....       30%         1
 Corona                   Hex            #......      30%         1
 Summon Small Mammal      Summ           #...         30%         1
 Ensorcelled Hibernation  Hex/Ice        #.....       43%         2
 Confusing Touch          Hex            #.......     67%         3
 Ozocubu's Armour         Ice            #.......     67%         3
 Ice Form                 Ice/Tmut       #.......     97%         4
 Summon Ice Beast         Ice/Summ       #.......     97%         4
 Metabolic Englaciation   Hex/Ice        #.........   100%        5
 Simulacrum               Ice/Necr       #.........   100%        6


Dungeon Overview and Level Annotations

Branches:
Dungeon (12/15)            Temple (1/1) D:6            Lair (1/6) D:10
    Orc (0/2) D:12          Sewer (visited)         Ossuary (visited)
  IceCv (visited)

Altars:
Ashenzari
Cheibriados
Dithmenos
Elyvilon
Fedhas
Gozag
Hepliaklqana
Kikubaaqudgha
Makhleb
Nemelex Xobeh
Okawaru
Qazlal
Ru
Sif Muna
Trog
Uskayaw
Vehumet
Wu Jian
Xom
Yredelemnul
Zin
The Shining One

Shops:
D:6 (   D:8 !

Annotations:
D:7 2 transporters


Innate Abilities, Weirdness & Mutations

You can breathe blasts of noxious fumes.
Your lurid green scales are hard. (AC +8)
You cannot fit into any form of body armour.
Your system is resistant to poisons. (rPois)
You are cold-blooded and may be slowed by cold attacks.


Message History

You slash the red ugly thing!
You tail-slap the red ugly thing, but do no damage.
The red ugly thing is severely wounded.
You block the red ugly thing's attack.
You slash the red ugly thing!
You tail-slap the red ugly thing, but do no damage.
The red ugly thing is almost dead.
The red ugly thing bites you.
You are engulfed in flames!
You barely miss the red ugly thing.
The red ugly thing is almost dead.
You barely miss the red ugly thing. You tail-slap the red ugly thing.
The red ugly thing is almost dead.
The red ugly thing bites you.
You are engulfed in flames!
* * * LOW HITPOINT WARNING * * *
You hit the red ugly thing but do no damage.
The red ugly thing is almost dead.
The red ugly thing bites you!
* * * LOW HITPOINT WARNING * * *
You are engulfed in flames!
You die...

######..............#.........#
#(#####.##..#..#...(.....#
#.#####.##.....#....8....#
#)......###.#..####...####
#(####### #.##.####.....# ###.#
#.##........#.# #...##
###.#######...#.# #.#..#
#.....# #..##.# #....# #..@..#
###..##.# #.^(.# #.!.u.#
#.......# #...## #?....#
#.##.##.# ###.##### #.....#
#.##.##.# #.....# #######
#.##.##.# #####.# #.##.##.# #.#
#.##.##.# #.######### #.......#
#.##......# ####.####


You could see a red ugly thing (confused).

Vanquished Creatures
  Gastronok (D:9)
  A frost giant (IceCv)
  A centaur warrior (D:9)
  2 two-headed ogres
  A death knight (D:12)
  2 death yaks (IceCv)
  2 cyclopes
  An ice statue (IceCv)
  A gargoyle (D:12)
  Maggie (D:6)
  A rime drake (IceCv)
  2 centaur skeletons
  A komodo dragon (D:10)
  14 polar bears (IceCv)
  A troll (D:11)
  Grinder (D:4)
  2 hornets
  2 hippogriffs
  2 wyverns
  23 yaks
  4 vampire mosquitoes (D:12)
  A two-headed ogre zombie (D:12)
  A water moccasin (D:7)
  Duvessa (D:5)
  Purgy (Sewer)
  3 orc warriors
  3 black bears
  2 ice beasts
  6 necrophages
  5 phantoms
  4 sky beasts
  11 ogres
  9 wolves (IceCv)
  A crocodile (D:12)
  4 centaurs
  Blork the orc (D:4)
  2 big kobolds
  6 bullfrogs
  2 water moccasin zombies
  4 scorpions
  Dowan (D:5)
  2 troll zombies (D:12)
  3 killer bees
  16 wights
  2 howler monkeys
  A centaur zombie (D:9)
  A bullfrog zombie (D:6)
  8 hounds
  4 orc priests
  A jelly (D:7)
  2 bullfrog skeletons
  11 worker ants
  9 orc wizards
  2 iguanas
  3 big kobold zombies (Ossuary)
  A killer bee zombie (D:8)
  5 ogre zombies (D:12)
  2 hound zombies
  2 mummies (Ossuary)
  A howler monkey zombie (D:5)
  2 worker ant zombies (D:10)
  7 adders
  A howler monkey skeleton (D:7)
  A shadow imp (D:10)
  2 white imps
  An ufetubus (D:5)
  An ooze (D:5)
  4 adder zombies
  4 adder skeletons
  2 worms
  4 dart slugs
  10 leopard geckos
  36 orcs
  5 giant cockroaches
  5 gnoll zombies (Ossuary)
  9 goblins
  3 hobgoblins
  12 jackals
  2 quokkas
  2 ball pythons
  A bat (D:3)
  2 frilled lizards
  A goblin zombie (D:12)
  A hobgoblin skeleton (D:12)
  12 hobgoblin zombies
  2 jackal skeletons
  A jackal zombie (D:5)
  24 kobolds
  6 kobold zombies (Ossuary)
  4 orc skeletons (D:12)
  18 orc zombies
  2 rats
397 creatures vanquished.

Vanquished Creatures (others)
  A yak (IceCv)
  2 jackals (D:7)
3 creatures vanquished.

Grand Total: 400 creatures vanquished

Notes
Turn   | Place    | Note
-------+----------+-------------------------------------------
     0 | D:1      | KristoblXynda the Draconian Gladiator began the quest for
                  | the Orb.
     0 | D:1      | Reached XP level 1. HP: 17/17 MP: 1/1
     1 | D:1      | Noticed an electric eel
   749 | D:2      | Reached XP level 2. HP: 20/25 MP: 2/2
  1138 | D:2      | Reached XP level 3. HP: 27/30 MP: 3/3
  1600 | D:3      | Reached skill level 4 in Long Blades
  1600 | D:3      | Reached XP level 4. HP: 21/38 MP: 4/4
  2291 | D:4      | Found a radiant altar of Vehumet.
  2300 | D:4      | Became a worshipper of Vehumet
  2466 | D:4      | Noticed an ogre
  2476 | D:4      | Killed an ogre
  2476 | D:4      | Reached XP level 5. HP: 44/45 MP: 5/5
  2507 | D:4      | Found a glowing drain.
  2530 | D:4      | Reached skill level 5 in Long Blades
  2543 | Sewer    | Entered a sewer
  2606 | Sewer    | Noticed Purgy
  2639 | Sewer    | Killed Purgy
  2639 | Sewer    | Reached XP level 6. HP: 52/52 MP: 6/6
  2914 | D:4      | Noticed Grinder
  2918 | D:4      | Paralysed by Grinder for 3 turns
  2927 | D:4      | Paralysed by Grinder for 5 turns
  2935 | D:4      | Paralysed by Grinder for 5 turns
  2941 | D:4      | Killed Grinder
  2941 | D:4      | Reached skill level 6 in Long Blades
  2941 | D:4      | Your scales start taking on a lurid green colour.
  2941 | D:4      | Reached XP level 7. HP: 60/60 MP: 7/7
  2941 | D:4      | Gained mutation: Your system is resistant to poisons.
                  | (rPois) [Green Draconian growth]
  2965 | D:4      | Noticed Blork the orc
  2985 | D:4      | Killed Blork the orc
  3826 | D:5      | Entered Level 5 of the Dungeon
  3826 | D:5      | Noticed Dowan
  3841 | D:5      | Found a sand-covered staircase.
  3853 | Ossuary  | Entered an ossuary
  3887 | Ossuary  | Reached skill level 5 in Fighting
  3970 | Ossuary  | Reached * piety under Vehumet
  3970 | Ossuary  | Offered knowledge of Shock by Vehumet.
  4048 | Ossuary  | Learned a level 1 spell: Shock
  4095 | Ossuary  | Reached skill level 7 in Long Blades
  4312 | D:5      | Killed Dowan
  4348 | D:5      | Found a shadowy altar of Dithmenos.
  4355 | D:5      | Reached skill level 5 in Dodging
  4355 | D:5      | Reached skill level 1 in Conjurations
  4356 | D:5      | Found a stormy altar of Qazlal.
  4356 | D:5      | Found an ornate altar of the Wu Jian Council.
  4415 | D:5      | Reached XP level 8. HP: 68/68 MP: 8/8
  5347 | D:5      | Noticed Duvessa
  5374 | D:5      | Killed Duvessa
  5565 | D:5      | Reached skill level 8 in Long Blades
  5595 | D:5      | Found a snail-covered altar of Cheibriados.
  6205 | D:6      | Found a staircase to the Ecumenical Temple.
  6211 | Temple   | Entered the Ecumenical Temple
  6504 | D:6      | Offered knowledge of Magic Dart by Vehumet.
  6670 | D:6      | Reached ** piety under Vehumet
  6871 | D:6      | Found a blossoming altar of Fedhas.
  6886 | D:6      | Found a glowing golden altar of the Shining One.
  6891 | D:6      | Found a hide-covered altar of Uskayaw.
  6902 | D:6      | Found a sacrificial altar of Ru.
  7109 | D:6      | Found Hiesulai's Antique Weapon Boutique.
  7292 | D:6      | Found a basalt altar of Yredelemnul.
  7361 | D:7      | Noticed Maggie
  7399 | D:6      | Killed Maggie
  7399 | D:6      | Reached skill level 9 in Long Blades
  7399 | D:6      | Reached XP level 9. HP: 39/74 MP: 9/9
  7601 | D:7      | Noticed a deep elf mage
  7603 | D:7      | Found a transporter.
  7603 | D:7      | Noticed a cyan ugly thing
  7603 | D:7      | Noticed a fire dragon
  7604 | D:7      | Found a transporter.
  7621 | D:7      | Found a glowing silver altar of Zin.
  7704 | D:7      | Noticed a two-headed ogre
  7757 | D:7      | Killed a two-headed ogre
  8055 | D:7      | Reached skill level 5 in Conjurations
  8438 | D:8      | Offered knowledge of Mephitic Cloud by Vehumet.
  8452 | D:8      | Reached skill level 10 in Long Blades
  8852 | D:8      | Reached *** piety under Vehumet
  8859 | D:8      | Reached XP level 10. HP: 68/79 MP: 10/10
  8932 | D:8      | Learned a level 3 spell: Mephitic Cloud
  9041 | D:8      | Reached skill level 1 in Poison Magic
  9050 | D:8      | Offered knowledge of Inner Flame by Vehumet.
  9716 | D:8      | Found Hucuonuf's Distillery.
  9836 | D:8      | Found a shimmering blue altar of Sif Muna.
 10148 | D:9      | Noticed Gastronok
 10167 | D:9      | Killed Gastronok
 10167 | D:9      | Reached skill level 11 in Long Blades
 10426 | D:9      | Reached **** piety under Vehumet
 10426 | D:9      | Reached XP level 11. HP: 79/84 MP: 11/11
 10603 | D:9      | Offered knowledge of Olgreb's Toxic Radiance by Vehumet.
 10790 | D:9      | Noticed a centaur warrior
 10804 | D:9      | Killed a centaur warrior
 10932 | D:10     | Entered Level 10 of the Dungeon
 11016 | D:10     | Found a staircase to the Lair.
 11142 | D:10     | Noticed a two-headed ogre
 11155 | D:10     | Killed a two-headed ogre
 11155 | D:10     | Reached skill level 1 in Evocations
 12044 | Lair:1   | Entered Level 1 of the Lair of Beasts
 12077 | D:11     | Found an iron altar of Okawaru.
 12191 | D:11     | Found a frozen archway.
 12204 | IceCv    | Entered an ice cave
 12576 | IceCv    | Reached ***** piety under Vehumet
 12599 | IceCv    | Offered knowledge of Spellforged Servitor by Vehumet.
 12654 | IceCv    | Noticed a death yak
 12655 | IceCv    | Noticed a death yak
 12663 | IceCv    | Killed a death yak
 12663 | IceCv    | Reached skill level 12 in Long Blades
 12674 | IceCv    | Killed a death yak
 12907 | IceCv    | Reached skill level 10 in Dodging
 13001 | IceCv    | Reached XP level 12. HP: 79/92 MP: 12/12
 13127 | IceCv    | Noticed a frost giant
 13143 | IceCv    | Reached skill level 1 in Shields
 13150 | IceCv    | Killed a frost giant
 13150 | IceCv    | Reached skill level 5 in Evocations
 13229 | IceCv    | Identified the Tome of the Glacier
 13326 | D:11     | Reached skill level 10 in Conjurations
 13759 | D:12     | Found a staircase to the Orcish Mines.
 13872 | D:12     | Found a gate leading to a gauntlet.
 14123 | D:12     | Noticed a death knight
 14149 | D:12     | Killed a death knight
 14160 | D:12     | HP: 2/94 [cyclops (14)]
 14409 | D:12     | Learned a level 3 spell: Tukima's Dance
 14640 | D:12     | Mangled by a red ugly thing

Illustrated notes

Levels and vault maps discovered:
D:1:      arrival_aquarium_a, layout_basic
D:2:      layout_loops_ring
D:3:      layout_basic
D:4:      layout_cave_pods, lemuel_doored_altar, portal_sewer_entry_f,
          uniq_grinder, uniq_blork_the_orc
D:5:      layout_layer_cave, nicolae_overflow_quartered_altars, enter_ossuary_1,
          uniq_duvessa
D:6:      layout_cave_pools, lemuel_round_altar,
          grunt_temple_overflow_cloverleaf, minmay_temple_entry_hall,
          serial_shops, nicolae_shop_statue_plus
D:7:      layout_cave_pools, gammafunk_temple_overflow_arena, uniq_maggie
D:8:      layout_basic, lemuel_blue_sif_altar, serial_undead, serial_undead_d,
          serial_undead_f, serial_undead_b, serial_undead_d, serial_undead_f,
          kennysheep_small_square
D:9:      layout_gridville, uniq_gastronok
D:10:     layout_cave_pods, lair_entry_dummy
D:11:     layout_big_octagon, basic_altar, portal_ice_cave_entry_pillars_1
D:12:     layout_loops_cross, zombieorc2_lemuel, gauntlet_entry_generic,
          drop_trap
Temple:   dpeg_chambers_temple
Lair:1:   layout_cave_shapes, gammafunk_ghost_icy, grunt_megastairs_5

Skill      XL: |  1  2  3  4  5  6  7  8  9 10 11 12 |
---------------+-------------------------------------+-----
Throwing       | 2 |  2.0
Dodging        | 3 4 5 6 7 8 10 | 10.1
Fighting       | 3 4 5 |  5.0
Long Blades    | 4 5 6 7 9 10 11 12 | 12.9
Conjurations   | 1 3 5 7 9 10 | 10.5
Poison Magic   | 3 |  3.0
Evocations     | 4 6 |  6.6
Shields        | 4 |  4.3

Action                   |  1- 3 |  4- 6 |  7- 9 | 10-12 || total
-------------------------+-------+-------+-------+-------++-------
Melee: Long sword        |    67 |   130 |   461 |    73 ||   731
       Tailslap          |    11 |    12 |   104 |   137 ||   264
       Scimitar          |       |       |       |   704 ||   704
Throw: Throwing net      |       |     1 |       |       ||     1
 Cast: Mephitic Cloud    |       |       |       |    12 ||    12
 Abil: Breathe Noxious F |       |       |    11 |    15 ||    26
Evoke: Wand              |       |       |     3 |     6 ||     9
  Use: Potion            |     1 |     2 |     1 |     3 ||     7
       Scroll            |       |    10 |    10 |    10 ||    30
 Stab: Sleeping          |     2 |       |       |       ||     2
       Confused          |       |       |     9 |    26 ||    35
       Paralysed         |       |       |    11 |       ||    11
Armor: Skin              |    29 |   129 |   166 |   202 ||   526
Dodge: Dodged            |    58 |    99 |   306 |   568 ||  1031
Block: Buckler           |       |       |       |    49 ||    49
       Rpst.: Long sword |    23 |    21 |    93 |    12 ||   149
       Scimitar          |       |       |       |   145 ||   145

Table legend: (Time is in decaauts)
 A = Elapsed time spent in this place.
 B = Non-inter-level travel time spent in this place.
 C = Inter-level travel time spent in this place.
 D = Time resting spent in this place.
 E = Time spent auto-exploring this place.
 F = Levels seen in this place.
 G = Mean time per level.
                   A        B        C        D        E       F      G
               +--------+--------+--------+--------+--------+-----+--------+
         Total |  14548 |  14287 |    261 |   3557 |   7047 |  17 |  855.8 |
       Dungeon |  12641 |  12389 |    252 |   2817 |   6764 |  12 | 1053.4 |
        Temple |    254 |    245 |      9 |      0 |    244 |   1 |  254.0 |
          Lair |      1 |      1 |      0 |      0 |      0 |   1 |    1.0 |
         Sewer |    176 |    176 |      0 |     10 |     38 |   1 |  176.0 |
       Ossuary |    448 |    448 |      0 |    198 |      0 |   1 |  448.0 |
      Ice Cave |   1025 |   1025 |      0 |    532 |      0 |   1 | 1025.0 |
               +--------+--------+--------+--------+--------+-----+--------+

Top non-repeatable levels by time:
     D:5: 1896 daAuts
     D:8: 1519 daAuts
     D:4: 1417 daAuts
    D:10: 1108 daAuts
     D:6: 1108 daAuts
   IceCv: 1025 daAuts
     D:9: 968 daAuts
     D:7: 890 daAuts
    D:12: 884 daAuts
     D:3: 833 daAuts
     D:2: 772 daAuts
     D:1: 676 daAuts
    D:11: 564 daAuts
 Ossuary: 448 daAuts
  Temple: 254 daAuts
